 Dungeon Sprint DCSS version 0.31-a0-149-g3fdcc5976a (webtiles) character file.

Game seed: 8729857761094409541

23373 rocky1 the Executioner (level 12, -5/127 HPs)
             Began as a Minotaur Gladiator on June 8, 2023.
             Was a High Priest of Okawaru.
             Slain by a death cob (24 damage)
             ... in the Dungeon (Sprint VII: "The Pits").
             The game lasted 00:14:24 (4581 turns).

rocky1 the Executioner (Minotaur Gladiator)         Turns: 4581, Time: 00:14:24

Health: -5/127     AC: 17    Str: 27    XL:     12   Next: 71%
Magic:  0/19       EV: 19    Int:  7    God:    Okawaru [*****.]
Gold:   45         SH:  0    Dex: 12    Spells: 11/11 levels left

rFire   . . .        j - +4 battleaxe of Defiance {drain, rPois rC+++ rCorr Str+3}
rCold   + + +        (shield currently unavailable)
rNeg    . . .        u - +0 swamp dragon scales
rPois   +            c - +0 hat
rElec   .            a - +1 cloak {Will+}
rCorr   +            s - +0 pair of gloves
SInv    .            (no boots)
Will    ++...        C - amulet of guardian spirit
Stlth   +++++        D - ring of willpower
HPRegen 0.41/turn    I - ring of Vampiric Thralls {rC+ rCorr Int+2}
MPRegen 0.16/turn

%: no teleportation, guardian spirit
@: heroic, finesse-ful, hasted and slowed
A: horns 2, retaliatory headbutt
a: Renounce Religion, Heroism, Finesse


You were in the Dungeon.
You worshipped Okawaru.
Okawaru was extremely pleased with you.
You visited 1 branch You collected 45 gold pieces.

Inventory:

Hand Weapons
 b - a +2 morningstar of protection
 j - the +4 battleaxe of Defiance (weapon) {drain, rPois rC+++ rCorr Str+3}
   (Okawaru gifted it to you in the Dungeon)

   Str:       It affects your strength (+3).
   rC:        It renders you almost immune to cold.
   rPois:     It protects you from poison.
   rCorr:     It protects you from acid and corrosion.
 k - a +0 executioner's axe of venom
 o - a +0 battleaxe of holy wrath
 y - a +3 battleaxe of freezing
Missiles
 d - 3 throwing nets
 e - 7 javelins (quivered)
 v - 3 atropa-tipped darts
Armour
 a - a +1 cloak of willpower (worn)
 c - a +0 hat (worn)
 n - a +2 ring mail of cold resistance
 s - a +0 pair of gloves (worn)
 u - +0 swamp dragon scales (worn)
Jewellery
 C - an amulet of guardian spirit (around neck)
 D - a ring of willpower (left hand)
 E - a ring of protection from cold
 I - the ring of Vampiric Thralls (right hand) {rC+ rCorr Int+2}
   (You found it in the Dungeon)

   [ring of protection from cold]

   Int:       It affects your intelligence (+2).
   rC:        It protects you from cold.
   rCorr:     It protects you from acid and corrosion.
Wands
 H - a wand of quicksilver (6)
Scrolls
 m - 5 scrolls of amnesia
 w - 2 scrolls of identify
 A - 5 scrolls of fog
 B - 4 scrolls of enchant armour
Potions
 f - 7 potions of curing
 g - 6 potions of heal wounds
 h - 3 potions of haste
 i - 4 potions of magic
 l - a potion of invisibility
 p - a potion of might
 q - a potion of berserk rage
 r - 4 potions of mutation
 x - a potion of brilliance
 z - a potion of resistance
 G - 2 potions of attraction
Miscellaneous
 F - a lightning rod (4/4)


   Skills:
 + Level 17.8(22.8) Fighting
 * Level 22.2(27) Axes
 * Level 10.8(22.8) Maces & Flails
 + Level 6.7(11.7) Throwing
 + Level 13.5(18.5) Armour
 + Level 13.2(18.2) Dodging
 + Level 8.3(13.3) Stealth
 + Level 10.8 Invocations


You had 11 spell levels left.
You didn't know any spells.
Your spell library contained the following spells:

 Spells                   Type           Power      Damage    Failure   Level
 Magic Dart               Conj           0%         1d3       52%         1
 Mephitic Cloud           Conj/Pois/Air  0%         N/A       87%         3
 Call Imp                 Summ           Unusable   N/A       N/A         2

Dungeon Overview and Level Annotations

Branches:
Dungeon (1/1)

Altars:
Ashenzari
Cheibriados
Dithmenos
Elyvilon
Fedhas
Gozag
Hepliaklqana
Kikubaaqudgha
Makhleb
Nemelex Xobeh
Okawaru
Qazlal
Ru
Sif Muna
Trog
Uskayaw
Vehumet
Wu Jian
Xom
Yredelemnul
Zin
The Shining One
Jiyva
Lugonu


Innate Abilities, Weirdness & Mutations

You have a pair of horns on your head.
You reflexively headbutt those who attack you in melee.


Message History

The elephant barely misses you. You furiously retaliate!
You headbutt the elephant! The elephant misses you.
The elephant tramples you but does no damage.
The elephant trunk-slaps you but does no damage.
The death cob misses you. You furiously retaliate!
You headbutt the death cob. You slash the death cob!
The death cob is moderately damaged.
You slash the elephant! You drain the elephant.
You completely miss the elephant. The death cob completely misses you.
You hit the death cob.
The death cob is moderately damaged.
You barely miss the elephant. You slash the elephant!
You kill the elephant!
Okawaru accepts your kill. The death cob hits you!
* * * LOW HITPOINT WARNING * * *
The death cob drains your vigour!
You feel as though you will be slow longer.
The elephant tramples you.
* * * LOW HITPOINT WARNING * * *
You hold your ground!
The elephant trunk-slaps you but does no damage.
You hit the death cob but do no damage. Your headbutt misses the death cob.
The death cob is moderately damaged.
You slice the elephant!!
You kill the elephant!
Okawaru accepts your kill.
You hit the elephant. The death cob barely misses you.
The death cob closely misses you. The elephant misses you.
You furiously retaliate!
You headbutt the elephant! The elephant completely misses you.
You slice the death cob!!
The death cob is heavily damaged.
You slash the elephant! You drain the elephant.
The death cob closely misses you.
Unknown command.
You chop the death cob into pieces!!! Your headbutt misses the death cob.
The death cob is almost destroyed.
You completely miss the elephant. The death cob hits you!!
You die...

....# ....# .#..# ....+ ....+
##''#
##''#############################
##....).........†Y...............
##....))..).....@zY..............
##..##############''#############
##..# ....# ##..# ....# ##).#
....# ##..# ..### ##..# ... ##..#
... ##..#


You could see a death cob and 2 elephants.

Vanquished Creatures
  Rupert (D)
  A fire giant (D)
  A frost giant (D)
  Aizul (D)
  A hydra (D)
  2 death knights (D)
  A centaur warrior (D)
  A boulder beetle (D)
  2 death yaks (D)
  Urug (D)
  5 skeletal warriors (D)
  A sixfirhy (D)
  A deep troll (D)
  2 bog bodies (D)
  2 swamp dragons (D)
  A deep elf pyromancer (D)
  An orc sorcerer (D)
  A rust devil (D)
  A black mamba (D)
  2 elephants (D)
  A cane toad (D)
  A smoke demon (D)
  Psyche (D)
  A kobold demonologist (D)
  A rime drake (D)
  A merfolk (D)
  A hellwing (D)
  5 blink frogs (D)
  An air elemental (D)
  2 jumping spiders (D)
  A flying skull (D)
  2 spriggans (D)
  A ynoxinul (D)
  4 fire bats (D)
  A basilisk (D)
  6 yaks (D)
  A fire elemental (D)
  2 redbacks (D)
  An acid dragon (D)
  Duvessa (D)
  An orc warrior (D)
  A sky beast (D)
  2 centaurs (D)
  2 phantoms (D)
  Blork the orc (D)
  2 bullfrogs (D)
  Dowan (D)
  A crimson imp (D)
  A hound (D)
  A jelly (D)
  An orc priest (D)
  An iguana (D)
  3 orc wizards (D)
  A gnoll (D)
  A river rat (D)
  2 white imps (D)
  An ufetubus (D)
  A worm (D)
  14 orcs (D)
  2 endoplasms (D)
  4 jackals (D)
  A quokka (D)
  3 ball pythons (D)
  A bat (D)
  A frilled lizard (D)
  A rat (D)
115 creatures vanquished.

Notes
Turn   | Place    | Note
-------+----------+-------------------------------------------
     0 | D        | rocky1 the Minotaur Gladiator began the quest for the Orb.
     0 | D        | Reached XP level 1. HP: 18/18 MP: 0/0
    21 | D        | Reached skill level 4 in Axes
    25 | D        | Found a bloodstained altar of Trog.
    25 | D        | Found a shimmering blue altar of Sif Muna.
    25 | D        | Found a viscous altar of Jiyva.
    25 | D        | Found a hazy altar of Hepliaklqana.
    25 | D        | Found an opulent altar of Gozag.
    26 | D        | Found a glowing golden altar of the Shining One.
    26 | D        | Found a glowing silver altar of Zin.
    26 | D        | Found a basalt altar of Yredelemnul.
    26 | D        | Found a shimmering altar of Xom.
    26 | D        | Found an ornate altar of the Wu Jian Council.
    26 | D        | Found a sacrificial altar of Ru.
    26 | D        | Found a stormy altar of Qazlal.
    26 | D        | Found an iron altar of Okawaru.
    26 | D        | Found a sparkling altar of Nemelex Xobeh.
    26 | D        | Found a burning altar of Makhleb.
    26 | D        | Found a blossoming altar of Fedhas.
    26 | D        | Found a white marble altar of Elyvilon.
    26 | D        | Found a shadowy altar of Dithmenos.
    26 | D        | Found a snail-covered altar of Cheibriados.
    29 | D        | Found a corrupted altar of Lugonu.
    29 | D        | Found a radiant altar of Vehumet.
    30 | D        | Found an ancient bone altar of Kikubaaqudgha.
    30 | D        | Found a hide-covered altar of Uskayaw.
    30 | D        | Found a broken altar of Ashenzari.
    34 | D        | Became a worshipper of Warmaster Okawaru
    79 | D        | Noticed a kobold demonologist
    92 | D        | Noticed a crimson imp
    92 | D        | Noticed an iron imp
    92 | D        | Noticed an iron imp
    93 | D        | Reached skill level 5 in Axes
    93 | D        | Reached XP level 2. HP: 15/25 MP: 1/1
   100 | D        | Killed a kobold demonologist
   101 | D        | Reached skill level 10 in Axes
   101 | D        | Reached XP level 3. HP: 6/37 MP: 2/2
   101 | D        | Reached XP level 4. HP: 7/44 MP: 3/3
   101 | D        | Reached XP level 5. HP: 8/50 MP: 4/4
   498 | D        | Reached XP level 6. HP: 56/57 MP: 5/5
   513 | D        | Noticed an orc warrior
   521 | D        | Killed an orc warrior
   522 | D        | Reached skill level 11 in Axes
   579 | D        | Noticed Blork the orc
   579 | D        | Noticed a flying skull
   591 | D        | Killed Blork the orc
   592 | D        | Reached skill level 12 in Axes
   593 | D        | Reached * piety under Okawaru
   594 | D        | Reached XP level 7. HP: 66/66 MP: 6/6
   597 | D        | Killed a flying skull
   598 | D        | Reached skill level 13 in Axes
   598 | D        | Reached skill level 5 in Armour
   777 | D        | Noticed a fire bat
   777 | D        | Noticed a fire bat
   778 | D        | Killed a fire bat
   779 | D        | Reached skill level 14 in Axes
   786 | D        | Killed a fire bat
   786 | D        | Reached ** piety under Okawaru
   787 | D        | Reached XP level 8. HP: 67/77 MP: 7/7
   792 | D        | Reached skill level 15 in Axes
   995 | D        | Noticed a smoke demon
   995 | D        | Noticed a blink frog
   995 | D        | Noticed a blink frog
   995 | D        | Noticed a blink frog
   995 | D        | Noticed a blink frog
   995 | D        | Noticed a blink frog
  1001 | D        | Killed a blink frog
  1002 | D        | Reached skill level 1 in Invocations
  1004 | D        | Killed a blink frog
  1006 | D        | Killed a blink frog
  1007 | D        | Reached skill level 10 in Fighting
  1007 | D        | Reached skill level 16 in Axes
  1012 | D        | Killed a blink frog
  1012 | D        | Reached *** piety under Okawaru
  1013 | D        | Reached XP level 9. HP: 48/86 MP: 7/10
  1013 | D        | Killed a smoke demon
  1018 | D        | Reached skill level 17 in Axes
  1018 | D        | Reached skill level 5 in Invocations
  1443 | D        | Noticed Psyche
  1450 | D        | Reached skill level 10 in Dodging
  1457 | D        | Killed Psyche
  1457 | D        | Reached **** piety under Okawaru
  1459 | D        | Noticed a seven-headed hydra
  1679 | D        | Killed a seven-headed hydra
  1680 | D        | Reached skill level 18 in Axes
  1680 | D        | Reached skill level 1 in Maces & Flails
  1700 | D        | Reached XP level 10. HP: 67/100 MP: 14/14
  1702 | D        | Reached skill level 1 in Stealth
  1806 | D        | Noticed Duvessa
  1806 | D        | Noticed Dowan
  1806 | D        | Noticed Urug
  1806 | D        | Noticed a swamp dragon
  1818 | D        | Killed Duvessa
  1819 | D        | Reached skill level 10 in Armour
  1827 | D        | Killed a swamp dragon
  1829 | D        | Killed Urug
  1829 | D        | Received a gift from Okawaru
  1829 | D        | Reached ***** piety under Okawaru
  1831 | D        | Killed Dowan
  2040 | D        | Noticed a boulder beetle
  2078 | D        | Noticed a cane toad
  2090 | D        | Killed a cane toad
  2097 | D        | Killed a boulder beetle
  2106 | D        | Noticed a death knight
  2111 | D        | Received a gift from Okawaru
  2113 | D        | Reached skill level 5 in Stealth
  2135 | D        | Killed a death knight
  2136 | D        | Reached XP level 11. HP: 34/110 MP: 16/16
  2343 | D        | Noticed a swamp dragon
  2346 | D        | Noticed a bog body
  2358 | D        | Killed a bog body
  2359 | D        | Reached skill level 5 in Maces & Flails
  2359 | D        | Killed a swamp dragon
  2360 | D        | Reached skill level 19 in Axes
  2388 | D        | Noticed a deep troll
  2391 | D        | Reached skill level 10 in Invocations
  2393 | D        | Reached skill level 5 in Throwing
  2405 | D        | Killed a deep troll
  3047 | D        | Noticed a deep elf pyromancer
  3047 | D        | Noticed a death yak
  3047 | D        | Noticed a bog body
  3047 | D        | Noticed a death yak
  3051 | D        | Killed a bog body
  3059 | D        | Killed a death yak
  3060 | D        | Reached skill level 15 in Fighting
  3068 | D        | Killed a death yak
  3077 | D        | Killed a deep elf pyromancer
  3077 | D        | Identified the +4 battleaxe of Defiance {drain, rPois rC+++
                  | rCorr Str+3} (Okawaru gifted it to you in the Dungeon)
  3077 | D        | Received a gift from Okawaru
  3335 | D        | Noticed an orc sorcerer
  3335 | D        | Noticed a skeletal warrior
  3339 | D        | Noticed a skeletal warrior
  3340 | D        | Killed an orc sorcerer
  3341 | D        | Reached skill level 20 in Axes
  3345 | D        | Killed a skeletal warrior
  3346 | D        | Noticed a skeletal warrior
  3354 | D        | Killed a skeletal warrior
  3357 | D        | Noticed a skeletal warrior
  3357 | D        | Noticed a skeletal warrior
  3363 | D        | Killed a skeletal warrior
  3434 | D        | Killed a skeletal warrior
  3435 | D        | Reached XP level 12. HP: 36/122 MP: 11/18
  3710 | D        | Received a gift from Okawaru
  3818 | D        | Paralysed by an air elemental for 1 turns
  4035 | D        | Noticed a centaur warrior
  4043 | D        | Killed a centaur warrior
  4046 | D        | Reached skill level 21 in Axes
  4194 | D        | Noticed Aizul
  4194 | D        | Noticed a frost giant
  4194 | D        | Noticed a fire giant
  4194 | D        | Noticed Rupert
  4194 | D        | Noticed a death knight
  4201 | D        | Killed Aizul
  4207 | D        | Killed a frost giant
  4212 | D        | Killed a fire giant
  4212 | D        | Identified the +7 hand axe of Accord {pain, rF+ rC- Will+++
                  | SInv} (Okawaru gifted it to you in the Dungeon)
  4212 | D        | Received a gift from Okawaru
  4215 | D        | Reached skill level 10 in Maces & Flails
  4215 | D        | Killed a death knight
  4225 | D        | Killed Rupert
  4225 | D        | Reached ****** piety under Okawaru
  4226 | D        | Reached skill level 22 in Axes
  4243 | D        | Got the ring of Vampiric Thralls {rC+ rCorr Int+2}
  4567 | D        | Noticed a death cob
  4581 | D        | Slain by a death cob

Illustrated notes

Levels and vault maps discovered:
D:        pitsprint [storerooms_1, entrance_room_1, metal_vault_4, armoury_1,
          mini_pit_1, grid_room_1, main_hall_1, silver_pit, the_coven_1,
          the_vestibule_1, steel_vault_3, golden_pit, hallway_of_sentries,
          crystal_vault_3, iron_vault_1, final_vault]

Skill      XL: |  1  2  3  4  5  6  7  8  9 10 11 12 |
---------------+-------------------------------------+-----
Axes           | 5 10 12 14 16 18 20 22 | 22.2
Dodging        | 4 7 8 9 10 11 12 13 | 13.2
Fighting       | 6 7 8 10 12 14 16 17 | 17.8
Throwing       | 3 4 5 6 |  6.7
Armour         | 3 4 6 8 9 11 12 13 | 13.5
Invocations    | 3 6 9 10 | 10.8
Maces & Flails | 2 4 8 10 | 10.8
Stealth        | 5 8 |  8.3

Action                     |  1- 3 |  4- 6 |  7- 9 | 10-12 || total
---------------------------+-------+-------+-------+-------++-------
  Melee: War axe           |    17 |    27 |    79 |   148 ||   271
         Headbutt          |     3 |     5 |    19 |    63 ||    90
         Punch             |     1 |       |       |     4 ||     5
         Morningstar       |       |       |     5 |       ||     5
         Battleaxe         |       |       |       |    70 ||    70
  Throw: Javelin           |       |       |     1 |    15 ||    16
         Dart              |       |       |       |     1 ||     1
 Invoke: Heroism           |       |       |     1 |     3 ||     4
         Finesse           |       |       |       |     2 ||     2
    Use: Potion            |     1 |     1 |     1 |    12 ||    15
         Scroll            |       |       |       |     3 ||     3
   Stab: Sleeping          |       |       |     1 |       ||     1
         Invisible         |       |       |       |     9 ||     9
         Distracted        |       |       |       |     1 ||     1
 Armour: Leather armour    |     2 |       |       |       ||     2
         Ring mail         |       |     3 |    25 |     2 ||    30
         Swamp dragon scal |       |       |       |    71 ||    71
  Dodge: Dodged            |     8 |    18 |    68 |   167 ||   261

Table legend: (Time is in decaauts)
 A = Elapsed time spent in this place.
 B = Non-inter-level travel time spent in this place.
 C = Inter-level travel time spent in this place.
 D = Time resting spent in this place.
 E = Time spent auto-exploring this place.
 F = Levels seen in this place.
 G = Mean time per level.
                   A        B        C        D        E       F      G
               +--------+--------+--------+--------+--------+-----+--------+
         Total |   4511 |   4449 |     62 |   3208 |      0 |   1 | 4511.0 |
       Dungeon |   4511 |   4449 |     62 |   3208 |      0 |   1 | 4511.0 |
               +--------+--------+--------+--------+--------+-----+--------+

Top non-repeatable levels by time:
       D: 4511 daAuts
